Connexion

SAN JOSE Sharks vs EDMONTON Oilers (R1)

Created - 24 février 2024 at 05:04

Goals
1 2 3 OT1 T
SAN JOSE Sharks 2 1 1 0 4
EDMONTON Oilers 2 1 1 1 5
Shots
1 2 3 OT1 T
SAN JOSE Sharks 12 8 7 3 30
EDMONTON Oilers 8 9 13 3 33

GoalsPenalties
1st period
1. EDMONTON Oilers , Tony DeAngelo 22 (Nikolaj Ehlers 50, Dylan Strome 20) at 4:01 (PP)
2. EDMONTON Oilers , Oliver Ekman-Larsson 13 (Ryan O'Reilly 43, Nikolaj Ehlers 51) at 7:23 (PP)
3. SAN JOSE Sharks , Lucas Raymond 12 (Nathan Beaulieu 18, Christian Jaros 31) at 15:07 (PP)
4. SAN JOSE Sharks , Josh Anderson 8 (Cody Ceci 14, Vincent Desharnais 13) at 15:22
Lucas Raymond (S.J) for Slashing (Minor) at 2:57
Rasmus Ristolainen (S.J) for Roughing (Minor) at 5:53
Jack Quinn (EDM) for Delaying the game (Minor) at 13:20
2nd period
5. SAN JOSE Sharks , Lucas Raymond 13 (Mike Hoffman 26, Connor Brown 11) at 1:24
6. EDMONTON Oilers , Oliver Ekman-Larsson 14 (Ryan O'Reilly 44, Nikolaj Ehlers 52) at 4:07
Nico Hischier (EDM) for Roughing (Minor) at 16:42
Vincent Desharnais (S.J) for High sticking (Minor) at 18:49
Rasmus Ristolainen (S.J) for Roughing (Minor) at 19:00
3rd period
7. SAN JOSE Sharks , Michael McLeod 6 (Marcus Pettersson 44, Ondrej Palat 54) at 16:37
8. EDMONTON Oilers , Nikolaj Ehlers 20 (Mitch Marner 41) at 19:44
Alexander Romanov (EDM) for Holding (Minor) at 1:24
Tony DeAngelo (EDM) for Hooking (Minor) at 13:24
Overtime #1
9. EDMONTON Oilers , Dylan Strome 21 (Oliver Ekman-Larsson 49, Ryan O'Reilly 45) at 1:17
No Penalty
Goalie Stats
Jake Oettinger (S.J), 28 saves from 33 shots - (0,848), OTL, 19-33-5, 61:18 minutes
Mike Smith (EDM), 26 saves from 30 shots - (0,867), W, 8-5-0, 61:04 minutes
3 StarsOfficial
1 - Nikolaj Ehlers (EDM)
2 - Oliver Ekman-Larsson (EDM)
3 - Dylan Strome (EDM)
Referees : Tom Kowal and Dennis LaRue
Linesman : Jean Morin and Steve Miller
Game Note
No Game Note
Finance
Level 1 -- Attendance: 5745 (95,75%) -- Ticket Income $689,400
Level 2 -- Attendance: 3839 (100,00%) -- Ticket Income $391,578
Level 3 -- Attendance: 1826 (91,30%) -- Ticket Income $93,126
Level 4 -- Attendance: 3023 (75,58%) -- Ticket Income $120,920
Luxury Box -- Attendance: 924 (92,40%) -- Ticket Income $221,760
Game was played at the Rexall Place.
Total Attendance: 15357 (91,20%)
Total Ticket Income: $1,516,784
Other Income: $303,357
Total Income: $1,820,141



Team Name Goals Shots Shots Attemp Shots Blocked PIM HIT PP PK FO%
SAN JOSE Sharks 4306038221 / 4 (25%)246%
EDMONTON Oilers 5334798322 / 4 (50%)154%

SAN JOSE Sharks
Player Name POS G A P +/- PIM HIT SHT SB MP PP MP PP SHT PK MP PK SHT FO% FOT
Brendan PerliniLW/RW000-2012016:500:0000:0400% 0
Brent GatesC/LW000100102:560:0000:0000% 1
Christian JarosD0111000019:262:0902:2400% 0
Cody CeciD011-2001016:540:0000:3500% 0
Connor BrownRW0111014017:482:0910:0000% 0
Derek StepanC/LW/RW0000005121:375:3512:33060% 30
Erik HaulaC/LW000-1011015:280:0000:00038% 16
Josh AndersonRW101-1062015:280:0000:0000% 0
Lucas RaymondLW2021223018:312:0920:44025% 4
Marcus PetterssonD0111003026:275:3523:1400% 0
Michael McLeodC101100102:560:0000:00033% 3
Mike HoffmanC/LW0111022017:482:0900:00035% 20
Nathan BeaulieuD0111000018:212:0901:1900% 0
Ondrej PalatLW0111022025:315:3503:31050% 8
Rasmus RistolainenD0001440024:075:3500:5500% 0
Tom WilsonRW0000022019:525:3510:480100% 1
Trent FredericC/LW000-100101:180:0000:00050% 6
Vincent DesharnaisD011-1210216:000:0001:0000% 0
EDMONTON Oilers
Player Name POS G A P +/- PIM HIT SHT SB MP PP MP PP SHT PK MP PK SHT FO% FOT
Alexander RomanovD0000270013:080:0000:0000% 0
Arthur KaliyevRW0000031014:310:0003:1710% 1
Casey CizikasC000001115:410:0000:00082% 11
Clayton KellerC/LW/RW000-3002018:012:3610:0000% 1
Colton ParaykoD0000000217:270:0004:1800% 0
Dylan StromeC1122032022:552:0804:27060% 5
Jack QuinnRW0000201014:270:0003:1410% 1
Joachim BlichfeldLW/RW000000105:410:0000:0000% 0
Mackenzie EntwistleRW000001106:250:0000:4400% 0
Mitch MarnerRW011-2064018:112:3600:00050% 2
Nico HischierC000-3231118:002:3600:00057% 28
Nikolaj EhlersLW1342015017:202:0800:0000% 3
Oliver Ekman-LarssonD2130034023:141:2124:1800% 0
Rasmus SandinD000-1010418:271:2100:4900% 0
Roman Josi D0000010124:553:2303:2600% 0
Ryan O'ReillyC/LW0333008022:242:0813:46046% 26
Tony DeAngeloD1010222024:053:2312:3700% 0
Yegor SharangovichC/LW0000000011:140:0000:00064% 11



Play-by-Play

1st period


0:01 of 1st period - Derek Stepan wins face-off versus Ryan O'Reilly in neutral zone.
0:18 of 1st period - Icing by Tony DeAngelo.
0:19 of 1st period - Ryan O'Reilly wins face-off versus Lucas Raymond in EDMONTON Oilers zone.
0:19 of 1st period - Tony DeAngelo is hit by Connor Brown and loses puck.
0:24 of 1st period - Shot by Lucas Raymond.
0:24 of 1st period - Shot Hit the Post.
0:26 of 1st period - Shot by Connor Brown.
0:26 of 1st period - Shot Blocked by Roman Josi .
1:29 of 1st period - Shot by Josh Anderson.
1:29 of 1st period - Shot Misses the Net.
1:31 of 1st period - Shot by Erik Haula.
1:31 of 1st period - Shot Misses the Net.
1:49 of 1st period - Shot by Brendan Perlini.
1:49 of 1st period - Shot Misses the Net.
1:51 of 1st period - Shot by Cody Ceci.
1:51 of 1st period - Stopped by Mike Smith without a rebound.
1:52 of 1st period - Nico Hischier wins face-off versus Derek Stepan in EDMONTON Oilers zone.
1:52 of 1st period - Oliver Ekman-Larsson is hit by Tom Wilson and loses puck.
2:07 of 1st period - Shot by Ondrej Palat.
2:07 of 1st period - Shot Blocked by Nico Hischier.
2:09 of 1st period - Shot by Tom Wilson.
2:09 of 1st period - Stopped by Mike Smith with a rebound.
2:11 of 1st period - Shot by Ondrej Palat.
2:11 of 1st period - Stopped by Mike Smith without a rebound.
2:12 of 1st period - Yegor Sharangovich wins face-off versus Brent Gates in EDMONTON Oilers zone.
2:41 of 1st period - Shot by Ondrej Palat.
2:41 of 1st period - Stopped by Mike Smith without a rebound.
2:42 of 1st period - Nico Hischier wins face-off versus Mike Hoffman in EDMONTON Oilers zone.
2:42 of 1st period - Nico Hischier is hit by Mike Hoffman.
2:57 of 1st period - Minor Penalty to Lucas Raymond for Slashing.
2:58 of 1st period - Nico Hischier wins face-off versus Ondrej Palat in SAN JOSE Sharks zone.
3:03 of 1st period - Shot by Clayton Keller.
3:03 of 1st period - Stopped by Jake Oettinger without a rebound.
3:04 of 1st period - Ondrej Palat wins face-off versus Nico Hischier in SAN JOSE Sharks zone.
3:13 of 1st period - Marcus Pettersson is hit by Mitch Marner and loses puck.
3:26 of 1st period - Shot by Oliver Ekman-Larsson.
3:26 of 1st period - Stopped by Jake Oettinger without a rebound.
3:27 of 1st period - Tom Wilson wins face-off versus Ryan O'Reilly in SAN JOSE Sharks zone.
3:35 of 1st period - Off-side.
3:36 of 1st period - Ondrej Palat wins face-off versus Nikolaj Ehlers in neutral zone.
3:39 of 1st period - Shot by Derek Stepan.
3:39 of 1st period - Shot Misses the Net.
4:01 of 1st period - Shot by Tony DeAngelo.
4:01 of 1st period - Goal by Tony DeAngelo - SAN JOSE Sharks : 0 - EDMONTON Oilers : 1.
4:02 of 1st period - Nico Hischier wins face-off versus Erik Haula in neutral zone.
4:15 of 1st period - Shot by Mitch Marner.
4:15 of 1st period - Stopped by Jake Oettinger with a rebound.
4:21 of 1st period - Shot by Mitch Marner.
4:21 of 1st period - Stopped by Jake Oettinger without a rebound.
4:22 of 1st period - Lucas Raymond wins face-off versus Yegor Sharangovich in SAN JOSE Sharks zone.
4:24 of 1st period - Icing by Marcus Pettersson.
4:25 of 1st period - Nico Hischier wins face-off versus Lucas Raymond in SAN JOSE Sharks zone.
4:43 of 1st period - Icing by Rasmus Ristolainen.
4:44 of 1st period - Yegor Sharangovich wins face-off versus Mike Hoffman in SAN JOSE Sharks zone.
4:48 of 1st period - Icing by Mike Hoffman.
4:49 of 1st period - Nico Hischier wins face-off versus Lucas Raymond in SAN JOSE Sharks zone.
5:04 of 1st period - Shot by Connor Brown.
5:04 of 1st period - Stopped by Mike Smith without a rebound.
5:05 of 1st period - Derek Stepan wins face-off versus Casey Cizikas in EDMONTON Oilers zone.
5:36 of 1st period - Shot by Ondrej Palat.
5:36 of 1st period - Shot Blocked by Casey Cizikas.
5:38 of 1st period - Shot by Derek Stepan.
5:38 of 1st period - Stopped by Mike Smith without a rebound.
5:39 of 1st period - Erik Haula wins face-off versus Nico Hischier in EDMONTON Oilers zone.
5:39 of 1st period - Erik Haula is hit by Alexander Romanov.
5:44 of 1st period - Icing by Colton Parayko.
5:45 of 1st period - Nico Hischier wins face-off versus Erik Haula in EDMONTON Oilers zone.
5:45 of 1st period - Nico Hischier is hit by Josh Anderson.
5:53 of 1st period - Minor Penalty to Rasmus Ristolainen for Roughing.
5:54 of 1st period - Derek Stepan wins face-off versus Nico Hischier in SAN JOSE Sharks zone.
5:54 of 1st period - Derek Stepan is hit by Mitch Marner.
7:19 of 1st period - Shot by Dylan Strome.
7:19 of 1st period - Deflect By Nikolaj Ehlers.
7:19 of 1st period - Shot Misses the Net.
7:21 of 1st period - Shot by Ryan O'Reilly.
7:21 of 1st period - Stopped by Jake Oettinger with a rebound.
7:23 of 1st period - Shot by Oliver Ekman-Larsson.
7:23 of 1st period - Goal by Oliver Ekman-Larsson - SAN JOSE Sharks : 0 - EDMONTON Oilers : 2.
7:24 of 1st period - Erik Haula wins face-off versus Yegor Sharangovich in neutral zone.
8:29 of 1st period - Icing by Colton Parayko.
8:30 of 1st period - Yegor Sharangovich wins face-off versus Derek Stepan in EDMONTON Oilers zone.
8:43 of 1st period - Shot by Tom Wilson.
8:43 of 1st period - Shot Misses the Net.
9:13 of 1st period - Icing by Nathan Beaulieu.
9:14 of 1st period - Nico Hischier wins face-off versus Derek Stepan in SAN JOSE Sharks zone.
9:33 of 1st period - Shot by Mike Hoffman.
9:33 of 1st period - Shot Blocked by Rasmus Sandin.
10:30 of 1st period - Shot by Erik Haula.
10:30 of 1st period - Stopped by Mike Smith without a rebound.
10:31 of 1st period - Ryan O'Reilly wins face-off versus Michael McLeod in EDMONTON Oilers zone.
10:40 of 1st period - Tony DeAngelo is hit by Ondrej Palat and loses puck.
10:45 of 1st period - Shot by Ondrej Palat.
10:45 of 1st period - Shot Misses the Net.
10:47 of 1st period - Shot by Brent Gates.
10:47 of 1st period - The goal is going for a video replay.
10:47 of 1st period - The goal is refused.
10:48 of 1st period - Casey Cizikas wins face-off versus Erik Haula in EDMONTON Oilers zone.
10:54 of 1st period - Joachim Blichfeld is hit by Rasmus Ristolainen and loses puck.
11:13 of 1st period - Tony DeAngelo is hit by Rasmus Ristolainen and loses puck.
11:54 of 1st period - Shot by Dylan Strome.
11:54 of 1st period - Shot Blocked by Derek Stepan.
11:56 of 1st period - Shot by Ryan O'Reilly.
11:56 of 1st period - Shot Misses the Net.
12:24 of 1st period - Shot by Nikolaj Ehlers.
12:24 of 1st period - Stopped by Jake Oettinger without a rebound.
12:25 of 1st period - Mike Hoffman wins face-off versus Nico Hischier in SAN JOSE Sharks zone.
12:51 of 1st period - Icing by Cody Ceci.
12:52 of 1st period - Yegor Sharangovich wins face-off versus Mike Hoffman in SAN JOSE Sharks zone.
13:20 of 1st period - Minor Penalty to Jack Quinn for Delaying the game.
13:21 of 1st period - Dylan Strome wins face-off versus Ondrej Palat in EDMONTON Oilers zone.
13:38 of 1st period - Shot by Marcus Pettersson.
13:38 of 1st period - Shot Blocked by Colton Parayko.
14:20 of 1st period - Derek Stepan is hit by Arthur Kaliyev and loses puck.
15:07 of 1st period - Shot by Lucas Raymond.
15:07 of 1st period - Goal by Lucas Raymond - SAN JOSE Sharks : 1 - EDMONTON Oilers : 2.
15:08 of 1st period - Mitch Marner wins face-off versus Erik Haula in neutral zone.
15:08 of 1st period - Clayton Keller is hit by Josh Anderson and loses puck.
15:15 of 1st period - Nico Hischier is hit by Erik Haula and loses puck.
15:22 of 1st period - Shot by Josh Anderson.
15:22 of 1st period - Goal by Josh Anderson - SAN JOSE Sharks : 2 - EDMONTON Oilers : 2.
15:23 of 1st period - Mike Hoffman wins face-off versus Yegor Sharangovich in neutral zone.
16:02 of 1st period - Shot by Lucas Raymond.
16:02 of 1st period - Deflect By Mike Hoffman.
16:02 of 1st period - Stopped by Mike Smith without a rebound.
16:03 of 1st period - Erik Haula wins face-off versus Clayton Keller in EDMONTON Oilers zone.
16:08 of 1st period - Shot by Erik Haula.
16:08 of 1st period - Shot Misses the Net.
16:39 of 1st period - Shot by Mitch Marner.
16:39 of 1st period - Shot Blocked by Vincent Desharnais.
16:41 of 1st period - Shot by Mitch Marner.
16:41 of 1st period - Shot Misses the Net.
16:43 of 1st period - Shot by Oliver Ekman-Larsson.
16:43 of 1st period - Shot Blocked by Vincent Desharnais.
17:16 of 1st period - Dylan Strome is hit by Rasmus Ristolainen and loses puck.
17:23 of 1st period - Shot by Ondrej Palat.
17:23 of 1st period - Deflect By Derek Stepan.
17:23 of 1st period - Stopped by Mike Smith without a rebound.
17:24 of 1st period - Casey Cizikas wins face-off versus Mike Hoffman in EDMONTON Oilers zone.
17:24 of 1st period - Casey Cizikas is hit by Mike Hoffman.
Goals for this period are 2 for SAN JOSE Sharks vs 2 for EDMONTON Oilers .
Shots for this period are 12 for SAN JOSE Sharks vs 8 for EDMONTON Oilers .

2nd period


0:01 of 2nd period - Derek Stepan wins face-off versus Nico Hischier in neutral zone.
0:54 of 2nd period - Mike Hoffman is hit by Mitch Marner and loses puck.
1:19 of 2nd period - Lucas Raymond is hit by Tony DeAngelo and loses puck.
1:24 of 2nd period - Shot by Lucas Raymond.
1:24 of 2nd period - Goal by Lucas Raymond - SAN JOSE Sharks : 3 - EDMONTON Oilers : 2.
1:25 of 2nd period - Erik Haula wins face-off versus Nikolaj Ehlers in neutral zone.
1:42 of 2nd period - Shot by Nikolaj Ehlers.
1:42 of 2nd period - Deflect By Dylan Strome.
1:42 of 2nd period - Stopped by Jake Oettinger without a rebound.
1:43 of 2nd period - Yegor Sharangovich wins face-off versus Michael McLeod in SAN JOSE Sharks zone.
2:16 of 2nd period - Alexander Romanov is hit by Ondrej Palat and loses puck.
3:14 of 2nd period - Shot by Mike Hoffman.
3:14 of 2nd period - Shot Misses the Net.
3:48 of 2nd period - Nikolaj Ehlers is hit by Vincent Desharnais and loses puck.
4:05 of 2nd period - Shot by Ryan O'Reilly.
4:05 of 2nd period - Stopped by Jake Oettinger with a rebound.
4:07 of 2nd period - Shot by Oliver Ekman-Larsson.
4:07 of 2nd period - Goal by Oliver Ekman-Larsson - SAN JOSE Sharks : 3 - EDMONTON Oilers : 3.
4:08 of 2nd period - Nico Hischier wins face-off versus Derek Stepan in neutral zone.
4:26 of 2nd period - Icing by Marcus Pettersson.
4:27 of 2nd period - Casey Cizikas wins face-off versus Derek Stepan in SAN JOSE Sharks zone.
4:37 of 2nd period - Tom Wilson is hit by Oliver Ekman-Larsson and loses puck.
4:42 of 2nd period - Shot by Derek Stepan.
4:42 of 2nd period - Stopped by Mike Smith without a rebound.
4:43 of 2nd period - Nico Hischier wins face-off versus Mike Hoffman in EDMONTON Oilers zone.
4:43 of 2nd period - Nico Hischier is hit by Lucas Raymond.
4:51 of 2nd period - Connor Brown is hit by Tony DeAngelo.
5:21 of 2nd period - Shot by Connor Brown.
5:21 of 2nd period - Stopped by Mike Smith without a rebound.
5:22 of 2nd period - Derek Stepan wins face-off versus Ryan O'Reilly in EDMONTON Oilers zone.
5:51 of 2nd period - Rasmus Ristolainen is hit by Oliver Ekman-Larsson.
5:52 of 2nd period - Icing by Rasmus Ristolainen.
5:53 of 2nd period - Yegor Sharangovich wins face-off versus Derek Stepan in SAN JOSE Sharks zone.
5:54 of 2nd period - Shot by Arthur Kaliyev.
5:54 of 2nd period - Shot Misses the Net.
6:52 of 2nd period - Connor Brown is hit by Alexander Romanov and loses puck.
6:56 of 2nd period - Christian Jaros is hit by Alexander Romanov and loses puck.
7:00 of 2nd period - Mike Hoffman is hit by Alexander Romanov and loses puck.
7:10 of 2nd period - Icing by Colton Parayko.
7:11 of 2nd period - Yegor Sharangovich wins face-off versus Erik Haula in EDMONTON Oilers zone.
7:11 of 2nd period - Yegor Sharangovich is hit by Josh Anderson.
7:54 of 2nd period - Off-side.
7:55 of 2nd period - Nico Hischier wins face-off versus Derek Stepan in neutral zone.
7:58 of 2nd period - Derek Stepan is hit by Mitch Marner.
8:23 of 2nd period - Icing by Marcus Pettersson.
8:24 of 2nd period - Ryan O'Reilly wins face-off versus Derek Stepan in SAN JOSE Sharks zone.
8:37 of 2nd period - Shot by Derek Stepan.
8:37 of 2nd period - Stopped by Mike Smith with a rebound.
8:39 of 2nd period - Shot by Marcus Pettersson.
8:39 of 2nd period - Stopped by Mike Smith with a rebound.
9:59 of 2nd period - Brendan Perlini is hit by Mitch Marner and loses puck.
10:04 of 2nd period - Shot by Vincent Desharnais.
10:04 of 2nd period - Shot Misses the Net.
10:06 of 2nd period - Shot by Brendan Perlini.
10:06 of 2nd period - Shot Misses the Net.
10:12 of 2nd period - Shot by Brendan Perlini.
10:12 of 2nd period - Shot Blocked by Rasmus Sandin.
10:16 of 2nd period - Shot by Josh Anderson.
10:16 of 2nd period - Shot Misses the Net.
10:36 of 2nd period - Marcus Pettersson is hit by Nico Hischier and loses puck.
10:51 of 2nd period - Shot by Brent Gates.
10:51 of 2nd period - Shot Misses the Net.
10:53 of 2nd period - Shot by Ondrej Palat.
10:53 of 2nd period - Shot Blocked by Rasmus Sandin.
11:20 of 2nd period - Christian Jaros is hit by Rasmus Sandin and loses puck.
11:27 of 2nd period - Shot by Mike Hoffman.
11:27 of 2nd period - Stopped by Mike Smith without a rebound.
11:28 of 2nd period - Casey Cizikas wins face-off versus Mike Hoffman in EDMONTON Oilers zone.
11:41 of 2nd period - Shot by Casey Cizikas.
11:41 of 2nd period - Stopped by Jake Oettinger without a rebound.
11:42 of 2nd period - Erik Haula wins face-off versus Yegor Sharangovich in SAN JOSE Sharks zone.
11:42 of 2nd period - Erik Haula is hit by Arthur Kaliyev.
12:43 of 2nd period - Josh Anderson is hit by Dylan Strome and loses puck.
13:07 of 2nd period - Brendan Perlini is hit by Roman Josi and loses puck.
13:25 of 2nd period - Icing by Rasmus Ristolainen.
13:26 of 2nd period - Casey Cizikas wins face-off versus Derek Stepan in SAN JOSE Sharks zone.
13:27 of 2nd period - Shot by Joachim Blichfeld.
13:27 of 2nd period - Stopped by Jake Oettinger without a rebound.
13:28 of 2nd period - Derek Stepan wins face-off versus Nico Hischier in SAN JOSE Sharks zone.
13:32 of 2nd period - Icing by Derek Stepan.
13:33 of 2nd period - Derek Stepan wins face-off versus Nico Hischier in SAN JOSE Sharks zone.
13:33 of 2nd period - Derek Stepan is hit by Nico Hischier.
13:50 of 2nd period - Oliver Ekman-Larsson is hit by Tom Wilson and loses puck.
14:07 of 2nd period - Shot by Derek Stepan.
14:07 of 2nd period - Shot Misses the Net.
14:52 of 2nd period - Derek Stepan is hit by Dylan Strome and loses puck.
15:03 of 2nd period - Shot by Nikolaj Ehlers.
15:03 of 2nd period - Stopped by Jake Oettinger without a rebound.
15:04 of 2nd period - Casey Cizikas wins face-off versus Mike Hoffman in SAN JOSE Sharks zone.
15:27 of 2nd period - Shot by Mackenzie Entwistle.
15:27 of 2nd period - Stopped by Jake Oettinger without a rebound.
15:28 of 2nd period - Nico Hischier wins face-off versus Erik Haula in SAN JOSE Sharks zone.
15:41 of 2nd period - Shot by Brendan Perlini.
15:41 of 2nd period - Shot Blocked by Rasmus Sandin.
15:46 of 2nd period - Off-side.
15:47 of 2nd period - Mike Hoffman wins face-off versus Ryan O'Reilly in neutral zone.
16:01 of 2nd period - Off-side.
16:02 of 2nd period - Nico Hischier wins face-off versus Erik Haula in neutral zone.
16:02 of 2nd period - Nico Hischier is hit by Josh Anderson.
16:21 of 2nd period - Shot by Clayton Keller.
16:21 of 2nd period - Shot Misses the Net.
16:23 of 2nd period - Shot by Mitch Marner.
16:23 of 2nd period - Stopped by Jake Oettinger without a rebound.
16:24 of 2nd period - Mike Hoffman wins face-off versus Ryan O'Reilly in SAN JOSE Sharks zone.
16:40 of 2nd period - Shot by Nikolaj Ehlers.
16:40 of 2nd period - Stopped by Jake Oettinger without a rebound.
16:41 of 2nd period - Derek Stepan wins face-off versus Mitch Marner in SAN JOSE Sharks zone.
16:41 of 2nd period - Derek Stepan is hit by Mitch Marner.
16:42 of 2nd period - Minor Penalty to Nico Hischier for Roughing.
16:43 of 2nd period - Ryan O'Reilly wins face-off versus Derek Stepan in EDMONTON Oilers zone.
17:11 of 2nd period - Off-side.
17:12 of 2nd period - Mike Hoffman wins face-off versus Ryan O'Reilly in neutral zone.
18:06 of 2nd period - Shot by Marcus Pettersson.
18:06 of 2nd period - Stopped by Mike Smith without a rebound.
18:07 of 2nd period - Ryan O'Reilly wins face-off versus Ondrej Palat in EDMONTON Oilers zone.
18:22 of 2nd period - Shot by Derek Stepan.
18:22 of 2nd period - Stopped by Mike Smith without a rebound.
18:23 of 2nd period - Derek Stepan wins face-off versus Dylan Strome in EDMONTON Oilers zone.
18:38 of 2nd period - Shot by Tom Wilson.
18:38 of 2nd period - Shot Misses the Net.
18:49 of 2nd period - Minor Penalty to Vincent Desharnais for High sticking.
18:50 of 2nd period - Nico Hischier wins face-off versus Ondrej Palat in SAN JOSE Sharks zone.
18:51 of 2nd period - Shot by Mitch Marner.
18:51 of 2nd period - Shot Misses the Net.
19:00 of 2nd period - Minor Penalty to Rasmus Ristolainen for Roughing.
19:01 of 2nd period - Ondrej Palat wins face-off versus Ryan O'Reilly in SAN JOSE Sharks zone.
19:55 of 2nd period - Christian Jaros is hit by Nico Hischier and loses puck.
Goals for this period are 1 for SAN JOSE Sharks vs 1 for EDMONTON Oilers .
Shots for this period are 8 for SAN JOSE Sharks vs 9 for EDMONTON Oilers .

3rd period


0:01 of 3rd period - Ondrej Palat wins face-off versus Nico Hischier in neutral zone.
1:24 of 3rd period - Minor Penalty to Alexander Romanov for Holding.
1:25 of 3rd period - Derek Stepan wins face-off versus Arthur Kaliyev in EDMONTON Oilers zone.
1:25 of 3rd period - Derek Stepan is hit by Oliver Ekman-Larsson.
1:54 of 3rd period - Icing by Ondrej Palat.
1:55 of 3rd period - Ryan O'Reilly wins face-off versus Derek Stepan in SAN JOSE Sharks zone.
2:06 of 3rd period - Shot by Arthur Kaliyev.
2:06 of 3rd period - Stopped by Jake Oettinger without a rebound.
2:07 of 3rd period - Dylan Strome wins face-off versus Mike Hoffman in SAN JOSE Sharks zone.
2:10 of 3rd period - Shot by Jack Quinn.
2:10 of 3rd period - Stopped by Jake Oettinger without a rebound.
2:11 of 3rd period - Dylan Strome wins face-off versus Mike Hoffman in SAN JOSE Sharks zone.
2:22 of 3rd period - Tony DeAngelo is hit by Lucas Raymond and loses puck.
2:27 of 3rd period - Shot by Lucas Raymond.
2:27 of 3rd period - Stopped by Mike Smith without a rebound.
2:28 of 3rd period - Derek Stepan wins face-off versus Ryan O'Reilly in EDMONTON Oilers zone.
2:43 of 3rd period - Shot by Marcus Pettersson.
2:43 of 3rd period - Shot Misses the Net.
3:32 of 3rd period - Shot by Clayton Keller.
3:32 of 3rd period - Stopped by Jake Oettinger with a rebound.
3:44 of 3rd period - Shot by Clayton Keller.
3:44 of 3rd period - Shot Misses the Net.
3:46 of 3rd period - Shot by Oliver Ekman-Larsson.
3:46 of 3rd period - Stopped by Jake Oettinger with a rebound.
3:48 of 3rd period - Shot by Nico Hischier.
3:48 of 3rd period - Stopped by Jake Oettinger with a rebound.
4:23 of 3rd period - Icing by Roman Josi .
4:24 of 3rd period - Ryan O'Reilly wins face-off versus Mike Hoffman in EDMONTON Oilers zone.
4:39 of 3rd period - Shot by Connor Brown.
4:39 of 3rd period - Stopped by Mike Smith without a rebound.
4:40 of 3rd period - Derek Stepan wins face-off versus Jack Quinn in EDMONTON Oilers zone.
4:50 of 3rd period - Yegor Sharangovich is hit by Rasmus Ristolainen and loses puck.
5:56 of 3rd period - Lucas Raymond is hit by Alexander Romanov and loses puck.
6:16 of 3rd period - Lucas Raymond is hit by Alexander Romanov and loses puck.
6:35 of 3rd period - Shot by Brendan Perlini.
6:35 of 3rd period - Shot Misses the Net.
6:43 of 3rd period - Shot by Brendan Perlini.
6:43 of 3rd period - Shot Blocked by Colton Parayko.
7:03 of 3rd period - Shot by Brendan Perlini.
7:03 of 3rd period - Shot Misses the Net.
7:33 of 3rd period - Shot by Ryan O'Reilly.
7:33 of 3rd period - Stopped by Jake Oettinger without a rebound.
7:34 of 3rd period - Derek Stepan wins face-off versus Nico Hischier in SAN JOSE Sharks zone.
8:07 of 3rd period - Off-side.
8:08 of 3rd period - Casey Cizikas wins face-off versus Mike Hoffman in neutral zone.
8:34 of 3rd period - Connor Brown is hit by Casey Cizikas and loses puck.
9:30 of 3rd period - Shot by Dylan Strome.
9:30 of 3rd period - Deflect By Ryan O'Reilly.
9:30 of 3rd period - Stopped by Jake Oettinger without a rebound.
9:31 of 3rd period - Nico Hischier wins face-off versus Derek Stepan in SAN JOSE Sharks zone.
9:42 of 3rd period - Shot by Nico Hischier.
9:42 of 3rd period - Shot Misses the Net.
10:04 of 3rd period - Shot by Mitch Marner.
10:04 of 3rd period - Stopped by Jake Oettinger without a rebound.
10:05 of 3rd period - Ryan O'Reilly wins face-off versus Erik Haula in SAN JOSE Sharks zone.
10:06 of 3rd period - Shot by Nikolaj Ehlers.
10:06 of 3rd period - Shot Misses the Net.
10:08 of 3rd period - Shot by Ryan O'Reilly.
10:08 of 3rd period - Stopped by Jake Oettinger without a rebound.
10:09 of 3rd period - Erik Haula wins face-off versus Nikolaj Ehlers in SAN JOSE Sharks zone.
10:48 of 3rd period - Icing by Vincent Desharnais.
10:49 of 3rd period - Nico Hischier wins face-off versus Erik Haula in SAN JOSE Sharks zone.
11:15 of 3rd period - Icing by Tony DeAngelo.
11:16 of 3rd period - Derek Stepan wins face-off versus Nico Hischier in EDMONTON Oilers zone.
11:39 of 3rd period - Shot by Clayton Keller.
11:39 of 3rd period - Shot Misses the Net.
11:41 of 3rd period - Shot by Tony DeAngelo.
11:41 of 3rd period - Shot Misses the Net.
12:01 of 3rd period - Shot by Nikolaj Ehlers.
12:01 of 3rd period - Stopped by Jake Oettinger without a rebound.
12:02 of 3rd period - Casey Cizikas wins face-off versus Mike Hoffman in SAN JOSE Sharks zone.
13:15 of 3rd period - Shot by Ryan O'Reilly.
13:15 of 3rd period - Stopped by Jake Oettinger without a rebound.
13:16 of 3rd period - Derek Stepan wins face-off versus Nico Hischier in SAN JOSE Sharks zone.
13:24 of 3rd period - Minor Penalty to Tony DeAngelo for Hooking.
13:25 of 3rd period - Derek Stepan wins face-off versus Ryan O'Reilly in EDMONTON Oilers zone.
13:44 of 3rd period - Icing by Tom Wilson.
13:45 of 3rd period - Derek Stepan wins face-off versus Ryan O'Reilly in SAN JOSE Sharks zone.
13:45 of 3rd period - Derek Stepan is hit by Arthur Kaliyev.
14:19 of 3rd period - Shot by Tom Wilson.
14:19 of 3rd period - Stopped by Mike Smith without a rebound.
14:20 of 3rd period - Ryan O'Reilly wins face-off versus Mike Hoffman in EDMONTON Oilers zone.
14:57 of 3rd period - Shot by Connor Brown.
14:57 of 3rd period - Stopped by Mike Smith without a rebound.
14:58 of 3rd period - Derek Stepan wins face-off versus Dylan Strome in EDMONTON Oilers zone.
15:15 of 3rd period - Shot by Marcus Pettersson.
15:15 of 3rd period - Stopped by Mike Smith with a rebound.
15:35 of 3rd period - Shot by Josh Anderson.
15:35 of 3rd period - Stopped by Mike Smith without a rebound.
15:36 of 3rd period - Casey Cizikas wins face-off versus Erik Haula in EDMONTON Oilers zone.
15:36 of 3rd period - Casey Cizikas is hit by Brendan Perlini.
15:43 of 3rd period - Tony DeAngelo is hit by Josh Anderson and loses puck.
15:55 of 3rd period - Cody Ceci is hit by Mackenzie Entwistle.
16:05 of 3rd period - Shot by Tony DeAngelo.
16:05 of 3rd period - Stopped by Jake Oettinger without a rebound.
16:06 of 3rd period - Michael McLeod wins face-off versus Nico Hischier in SAN JOSE Sharks zone.
16:25 of 3rd period - Shot by Brent Gates.
16:25 of 3rd period - Shot Misses the Net.
16:37 of 3rd period - Shot by Michael McLeod.
16:37 of 3rd period - Goal by Michael McLeod - SAN JOSE Sharks : 4 - EDMONTON Oilers : 3.
16:38 of 3rd period - Mike Hoffman wins face-off versus Ryan O'Reilly in neutral zone.
17:07 of 3rd period - Mike Hoffman is hit by Nikolaj Ehlers.
17:45 of 3rd period - Derek Stepan is hit by Dylan Strome and loses puck.
18:04 of 3rd period - Shot by Ondrej Palat.
18:04 of 3rd period - Deflect By Tom Wilson.
18:04 of 3rd period - Shot Misses the Net.
19:03 of 3rd period - Josh Anderson is hit by Alexander Romanov and loses puck.
19:25 of 3rd period - Alexander Romanov is hit by Josh Anderson.
19:30 of 3rd period - EDMONTON Oilers , Mike Smith is pulled from the net.
19:44 of 3rd period - Shot by Nikolaj Ehlers.
19:44 of 3rd period - Goal by Nikolaj Ehlers - SAN JOSE Sharks : 4 - EDMONTON Oilers : 4.
19:44 of 3rd period - Mike Smith from EDMONTON Oilers was sent back in the game.
19:45 of 3rd period - Mike Hoffman wins face-off versus Casey Cizikas in neutral zone.
Goals for this period are 1 for SAN JOSE Sharks vs 1 for EDMONTON Oilers .
Shots for this period are 7 for SAN JOSE Sharks vs 13 for EDMONTON Oilers .

Overtime #1


0:01 of 1st overtime period - Trent Frederic wins face-off versus Ryan O'Reilly in neutral zone.
0:08 of 1st overtime period - Shot by Trent Frederic.
0:08 of 1st overtime period - Stopped by Mike Smith without a rebound.
0:09 of 1st overtime period - Trent Frederic wins face-off versus Ryan O'Reilly in EDMONTON Oilers zone.
0:12 of 1st overtime period - Shot by Brendan Perlini.
0:12 of 1st overtime period - Stopped by Mike Smith without a rebound.
0:13 of 1st overtime period - Ryan O'Reilly wins face-off versus Trent Frederic in EDMONTON Oilers zone.
0:27 of 1st overtime period - Shot by Brendan Perlini.
0:27 of 1st overtime period - Stopped by Mike Smith without a rebound.
0:28 of 1st overtime period - Ryan O'Reilly wins face-off versus Trent Frederic in EDMONTON Oilers zone.
0:35 of 1st overtime period - Shot by Ryan O'Reilly.
0:35 of 1st overtime period - Stopped by Jake Oettinger without a rebound.
0:36 of 1st overtime period - Ryan O'Reilly wins face-off versus Trent Frederic in SAN JOSE Sharks zone.
0:37 of 1st overtime period - Shot by Dylan Strome.
0:37 of 1st overtime period - Deflect By Ryan O'Reilly.
0:37 of 1st overtime period - Stopped by Jake Oettinger without a rebound.
0:38 of 1st overtime period - Trent Frederic wins face-off versus Ryan O'Reilly in SAN JOSE Sharks zone.
0:49 of 1st overtime period - Shot by Brendan Perlini.
0:49 of 1st overtime period - Shot Misses the Net.
1:17 of 1st overtime period - Shot by Dylan Strome.
1:17 of 1st overtime period - Goal by Dylan Strome - SAN JOSE Sharks : 4 - EDMONTON Oilers : 5.
Goals for this period are 0 for SAN JOSE Sharks vs 1 for EDMONTON Oilers .
Shots for this period are 3 for SAN JOSE Sharks vs 3 for EDMONTON Oilers .